Canucks vs Oilers

Created - 20 mars 2024 at 12:15

Goals
1 2 3 OT1 SO T
Canucks 1 0 2 0 1 3
Oilers 0 1 2 0 2 4
Shots
1 2 3 OT1 SO T
Canucks 13 10 11 2 3 36
Oilers 8 18 13 2 3 41

GoalsPenalties
1st period
1. Canucks , Dominik Kubalik 18 (Eetu Luostarinen 18, Andrei Kuzmenko 20) at 14:41 (PP)
Erik Gudbranson (EDM) for High sticking (Minor) at 2:21
Erik Gudbranson (EDM) for Roughing (Minor) at 4:32
Erik Gudbranson (EDM) for Elbowing (Minor) at 12:49
Ryan McLeod (VAN) for Roughing (Minor) at 17:12
2nd period
2. Oilers , Jake DeBrusk 13 (Barrett Hayton 33, Phillip Danault 32) at 6:42
Erik Gudbranson (EDM) for Interference (Minor) at 1:41
Nathan MacKinnon (EDM) for Roughing (Minor) at 16:59
3rd period
3. Oilers , Cody Glass 12 (Ryan Graves 13, John Carlson 27) at 0:40
4. Canucks , Quinn Hughes 8 (Mika Zibanejad 35, Alex Killorn 25) at 2:44 (PP)
5. Canucks , Blake Wheeler 12 (Mika Zibanejad 36) at 3:19 (PP)
6. Oilers , Tim Stutzle 25 (Nathan MacKinnon 34) at 16:15
Erik Gudbranson (EDM) for Hooking (Minor) at 2:39
Erik Gudbranson (EDM) for Holding Stick (Minor) at 3:13
Overtime #1
No Goal
Shootout
Canucks, Mika Zibanejad - Goal!
Oilers, Tim Stutzle - Shot Misses the Net
Canucks, Blake Wheeler - Shot Misses the Net
Oilers, Nathan MacKinnon - Goal!
Canucks, Andrei Kuzmenko - Shot Misses the Net
Oilers, Jake DeBrusk - Goal!
Goalie Stats
Stuart Skinner (VAN), 38 saves from 41 shots - (0,927), OTL, 18-16-11, 65:00 minutes
Joonas Korpisalo (EDM), 33 saves from 36 shots - (0,917), W, 27-16-7, 65:00 minutes
3 StarsOfficial
1 - John Carlson (EDM)
2 - Ryan Graves (EDM)
3 - Cody Glass (EDM)
Referees : Dean Morton and Wes McCauley
Linesman : Brent Hooks and Neil Campbell
Game Note
No Game Note
Finance
Level 1 -- Attendance: 4762 (79,37%) -- Ticket Income $500,010
Level 2 -- Attendance: 4804 (96,08%) -- Ticket Income $312,260
Level 3 -- Attendance: 1911 (95,55%) -- Ticket Income $72,618
Level 4 -- Attendance: 3535 (88,38%) -- Ticket Income $81,305
Luxury Box -- Attendance: 899 (89,90%) -- Ticket Income $170,810
Game was played at the Edmonton Coliseum.
Total Attendance: 15911 (88,39%)
Total Ticket Income: $1,137,003
Other Income: $557,131
Total Income: $1,694,134



Team Name Goals Shots Shots Attemp Shots Blocked PIM HIT PP PK FO%
Canucks 3368782263 / 7 (43%)047%
Oilers 441741914220 / 1 (0%)353%

Canucks
Player Name POS G A P +/- PIM HIT SHT SB MP PP MP PP SHT PK MP PK SHT FO% FOT GA TA
Alex KillornC/LW/RW011-1012020:474:5100:00050% 201
Alex TuchRW000-1031114:030:0000:0000% 000
Andrei KuzmenkoLW/RW011-1013019:225:0520:0000% 211
Blake WheelerC/LW/RW101-1012121:294:5110:5000% 200
Charlie McAvoyD000-1014028:006:3000:0000% 010
Darnell NurseD000-2010222:320:0601:1800% 000
Darren HelmC/LW/RW000003007:520:0000:1200% 000
Denis GurianovLW/RW000000000:000:0000:0000% 000
Dominik KubalikLW101-1014119:225:0210:50050% 220
Eetu LuostarinenC/LW011-1044019:105:0530:00038% 2610
Erik JohnsonD000-1010025:342:5801:1800% 001
Jake WalmanD000000108:570:0000:4100% 000
Jimmy VeseyLW/RW000001107:410:0300:0000% 010
Jordan MartinookC/LW000-1002013:180:0000:00047% 1501
Luke SchennD0000011013:163:2400:4100% 001
Matthew PoitrasC000000000:000:0000:0000% 000
Michael McleodC/RW000-1020114:540:0001:090100% 110
Mika ZibanejadC/LW/RW022-1027021:464:5100:57061% 2800
Quinn HughesD101-2024226:417:0010:0000% 011
Ryan McLeodC000021008:160:0900:0000% 110
Oilers
Player Name POS G A P +/- PIM HIT SHT SB MP PP MP PP SHT PK MP PK SHT FO% FOT GA TA
Alec MartinezD0001010120:390:4205:2700% 001
Barrett HaytonC/LW0111011120:180:4704:5500% 220
Cody GlassC1011015113:080:0000:21055% 1100
Craig SmithC/LW/RW000000105:040:0000:1800% 001
Erik GudbransonD00001251216:220:0000:4200% 002
Ilya LyubushkinD0001011019:470:0004:3210% 000
Jack RoslovicC/RW0001022012:470:0000:0000% 000
Jake DeBruskLW/RW1011005115:300:4700:00067% 300
John CarlsonD0112021424:371:1703:5300% 001
Josh BaileyC/LW/RW0001002012:100:0000:0000% 200
Nathan MacKinnonC/RW0111203024:051:1203:31044% 2700
Nico SturmC/LW000002429:280:0004:37267% 1500
Owen PowerD0000012217:561:1700:5200% 002
Owen TippettLW/RW0001020119:211:1200:000100% 100
Phillip DanaultC/LW/RW0111016320:260:4704:04161% 1812
Pierre EngvallLW/RW000000004:460:0000:0000% 000
Ryan GravesD0112030125:380:4204:3200% 000
Tim StutzleC/LW1011007022:521:1202:1200% 030

Canucks

5 vs 5 Forward
Line #Left WingCenterRight WingPHYDFOFWanted %Time %Time Play
1Blake WheelerMika ZibanejadAlex Killorn0053230%14:22
2Andrei KuzmenkoEetu LuostarinenAlex Tuch1133027%12:45
3Dominik KubalikJordan MartinookMichael Mcleod1402828%13:18
4Darren HelmRyan McLeodJimmy Vesey1401016%7:37
5 vs 5 Defense
Line #DefenseDefensePHYDFOFWanted %Time %Time Play
1Quinn HughesDarnell Nurse0054041%19:53
2Charlie McAvoyErik Johnson1224042%20:04
3Jake WalmanLuke Schenn1402017%8:04
4Darnell NurseCharlie McAvoy14000%0:01
Power Play Forward
Line #Left WingCenterRight WingPHYDFOFWanted %Time %Time Play
1Blake WheelerMika ZibanejadAlex Killorn1046049%4:54
2Dominik KubalikEetu LuostarinenAndrei Kuzmenko1044051%5:05
Power Play Defense
Line #DefenseDefensePHYDFOFWanted %Time %Time Play
1Quinn HughesCharlie McAvoy1046084%8:26
2Quinn HughesCharlie McAvoy1044016%1:33
Penalty Kill 4 Players Forward
Line #CenterWingPHYDFOFWanted %Time %Time Play
1Ryan McLeodMichael Mcleod14080100%1:59
2Eetu LuostarinenJordan Martinook140200%0:00
Penalty Kill 4 Players Defense
Line #DefenseDefensePHYDFOFWanted %Time %Time Play
1Erik JohnsonDarnell Nurse0506066%1:18
2Jake WalmanLuke Schenn0504034%0:41
Penalty Kill 3 Players
Line #WingPHYDFOFWanted %Time %Time PlayDefenseDefensePHYDFOFWanted %Time %Time Play
1Eetu Luostarinen050600%0:00 Charlie McAvoyDarnell Nurse050600%0:00
2Jordan Martinook050400%0:00 Quinn HughesLuke Schenn050400%0:00
4 vs 4 Forward
Line #CenterWingPHYDFOFWanted %Time %Time Play
1Mika ZibanejadBlake Wheeler122600%0:00
2Ryan McLeodAndrei Kuzmenko122400%0:00
4 vs 4 Defense
Line #DefensePHYDFOFWanted %Time %Time Play
1Charlie McAvoyDarnell Nurse122600%0:00
2Quinn HughesErik Johnson122400%0:00
Last Minutes Offensive
Left WingCenterRight WingDefenseDefense
Andrei KuzmenkoMika ZibanejadBlake WheelerCharlie McAvoyQuinn Hughes
Last Minutes Defensive
Left WingCenterRight WingDefenseDefense
Alex KillornMika ZibanejadMichael McleodCharlie McAvoyDarnell Nurse
Time
Total ForwardTotal DefenseLast Minutes OffensiveLast Minutes Defensive
60:00 60:00 0:000:00
Extra Forwards
Normal PowerPlayPenalty Kill
Ryan McLeod, Jimmy Vesey, Blake WheelerRyan McLeod, Blake WheelerMika Zibanejad
Extra Defensemen
Normal PowerPlayPenalty Kill
Charlie McAvoy, Luke Schenn, Quinn HughesLuke Schenn, Quinn HughesCharlie McAvoy
Penalty Shots
Mika Zibanejad, Blake Wheeler, Andrei Kuzmenko, Ryan McLeod, Eetu Luostarinen
Goalie
Stuart Skinner, Thomas Greiss
Custom OT Lines Forwards
Mika Zibanejad, Alex Tuch, Alex Killorn, Andrei Kuzmenko, Eetu Luostarinen, Blake Wheeler, Michael Mcleod, Ryan McLeod, Jordan Martinook, Dominik Kubalik
Custom OT Lines Defensemen
Charlie McAvoy, Quinn Hughes, Darnell Nurse, Luke Schenn, Erik Johnson
Scratches
None

Oilers

5 vs 5 Forward
Line #Left WingCenterRight WingPHYDFOFWanted %Time %Time Play
1Tim StutzleNathan MacKinnonOwen Tippett0143635%16:58
2Barrett HaytonPhillip DanaultJake DeBrusk0233229%14:08
3Josh BaileyCody GlassJack Roslovic0232625%12:10
4Pierre EngvallNico SturmCraig Smith131610%4:46
5 vs 5 Defense
Line #DefenseDefensePHYDFOFWanted %Time %Time Play
1Ryan GravesJohn Carlson1313636%17:21
2Owen PowerErik Gudbranson1313434%16:25
3Alec MartinezIlya Lyubushkin1313029%13:42
4John CarlsonErik Gudbranson12201%0:34
Power Play Forward
Line #Left WingCenterRight WingPHYDFOFWanted %Time %Time Play
1Tim StutzleNathan MacKinnonOwen Tippett0056061%1:12
2Barrett HaytonPhillip DanaultJake DeBrusk0054039%0:47
Power Play Defense
Line #DefenseDefensePHYDFOFWanted %Time %Time Play
1Owen PowerJohn Carlson0146065%1:17
2Ryan GravesAlec Martinez0144035%0:42
Penalty Kill 4 Players Forward
Line #CenterWingPHYDFOFWanted %Time %Time Play
1Nico SturmBarrett Hayton0506059%5:55
2Phillip DanaultNathan MacKinnon0504041%4:04
Penalty Kill 4 Players Defense
Line #DefenseDefensePHYDFOFWanted %Time %Time Play
1Alec MartinezErik Gudbranson1405055%5:27
2Ryan GravesIlya Lyubushkin1405045%4:32
Penalty Kill 3 Players
Line #WingPHYDFOFWanted %Time %Time PlayDefenseDefensePHYDFOFWanted %Time %Time Play
1Nico Sturm050600%0:00 Alec MartinezErik Gudbranson140500%0:00
2Phillip Danault050400%0:00 Ryan GravesIlya Lyubushkin140500%0:00
4 vs 4 Forward
Line #CenterWingPHYDFOFWanted %Time %Time Play
1Nathan MacKinnonTim Stutzle023500%0:00
2Phillip DanaultJake DeBrusk023500%0:00
4 vs 4 Defense
Line #DefensePHYDFOFWanted %Time %Time Play
1Ryan GravesJohn Carlson131500%0:00
2Owen PowerErik Gudbranson131500%0:00
Last Minutes Offensive
Left WingCenterRight WingDefenseDefense
Tim StutzleNathan MacKinnonJake DeBruskOwen PowerJohn Carlson
Last Minutes Defensive
Left WingCenterRight WingDefenseDefense
Nathan MacKinnonNico SturmPhillip DanaultRyan GravesErik Gudbranson
Time
Total ForwardTotal DefenseLast Minutes OffensiveLast Minutes Defensive
60:00 60:00 0:000:00
Extra Forwards
Normal PowerPlayPenalty Kill
Nathan MacKinnon, Phillip Danault, Barrett HaytonCody Glass, Jack RoslovicTim Stutzle
Extra Defensemen
Normal PowerPlayPenalty Kill
John Carlson, Owen Power, Alec MartinezIlya Lyubushkin, John CarlsonOwen Power
Penalty Shots
Tim Stutzle, Nathan MacKinnon, Jake DeBrusk, Cody Glass, Barrett Hayton
Goalie
Joonas Korpisalo, Kaapo Kahkonen
Custom OT Lines Forwards
Nathan MacKinnon, Tim Stutzle, Phillip Danault, Jake DeBrusk, Barrett Hayton, Owen Tippett, Cody Glass, Jack Roslovic, Nico Sturm, Josh Bailey
Custom OT Lines Defensemen
John Carlson, Ryan Graves, Owen Power, Erik Gudbranson, Alec Martinez
Scratches
Vinnie Hinostroza (Healthy), Michael Del Zotto (Healthy)


Play-by-Play

1st period


0:01 of 1st period - Mika Zibanejad wins face-off versus Nathan MacKinnon in neutral zone.
0:59 of 1st period - Wrist shot by Tim Stutzle.
0:59 of 1st period - Shot Misses the Net.
1:35 of 1st period - Off-side.
1:36 of 1st period - Phillip Danault wins face-off versus Eetu Luostarinen in neutral zone.
2:11 of 1st period - Snap shot by Alex Killorn.
2:11 of 1st period - Stopped by Joonas Korpisalo with a rebound.
2:21 of 1st period - Minor Penalty to Erik Gudbranson for High sticking.
2:22 of 1st period - Nico Sturm wins face-off versus Mika Zibanejad in Oilers zone.
3:08 of 1st period - Icing by Quinn Hughes.
3:09 of 1st period - Phillip Danault wins face-off versus Mika Zibanejad in Canucks zone.
3:18 of 1st period - Ryan Graves is hit by Blake Wheeler and loses puck.
3:35 of 1st period - Ilya Lyubushkin is hit by Dominik Kubalik and loses puck.
4:18 of 1st period - Eetu Luostarinen is hit by Alec Martinez and loses puck.
4:21 of 1st period - Penalty to Erik Gudbranson is over, Erik Gudbranson is back on ice.
4:32 of 1st period - Minor Penalty to Erik Gudbranson for Roughing.
4:33 of 1st period - Nico Sturm wins face-off versus Blake Wheeler in Oilers zone.
5:38 of 1st period - Snap shot by Barrett Hayton.
5:38 of 1st period - Shot Misses the Net.
6:18 of 1st period - Alec Martinez is hit by Mika Zibanejad and loses puck.
6:32 of 1st period - Penalty to Erik Gudbranson is over, Erik Gudbranson is back on ice.
6:37 of 1st period - Wrist shot by Cody Glass.
6:37 of 1st period - Shot Misses the Net.
6:43 of 1st period - Alec Martinez is hit by Darren Helm and loses puck.
6:56 of 1st period - Wrist shot by Dominik Kubalik.
6:56 of 1st period - Deflect By Jordan Martinook.
6:56 of 1st period - Stopped by Joonas Korpisalo without a rebound.
6:57 of 1st period - Nico Sturm wins face-off versus Jordan Martinook in Oilers zone.
7:26 of 1st period - Luke Schenn is hit by Ryan Graves and loses puck.
7:45 of 1st period - Wrist shot by Phillip Danault.
7:45 of 1st period - Stopped by Stuart Skinner with a rebound.
7:53 of 1st period - Slapshot by Jake DeBrusk.
7:53 of 1st period - Stopped by Stuart Skinner with a rebound.
8:37 of 1st period - Darnell Nurse is hit by Ilya Lyubushkin and loses puck.
8:48 of 1st period - Slapshot by Jack Roslovic.
8:48 of 1st period - Stopped by Stuart Skinner with a rebound.
9:06 of 1st period - Wrist shot by Jake DeBrusk.
9:06 of 1st period - Stopped by Stuart Skinner with a rebound.
9:46 of 1st period - Wrist shot by Mika Zibanejad.
9:46 of 1st period - Shot Blocked by Nico Sturm.
10:33 of 1st period - Charlie McAvoy is hit by Erik Gudbranson.
10:49 of 1st period - Wrist shot by Dominik Kubalik.
10:49 of 1st period - Stopped by Joonas Korpisalo with a rebound.
10:52 of 1st period - Icing by John Carlson.
10:53 of 1st period - Nathan MacKinnon wins face-off versus Eetu Luostarinen in Oilers zone.
10:53 of 1st period - Nathan MacKinnon is hit by Eetu Luostarinen.
11:19 of 1st period - Eetu Luostarinen is hit by Ryan Graves and loses puck.
11:26 of 1st period - Snap shot by Tim Stutzle.
11:26 of 1st period - Shot Misses the Net.
11:28 of 1st period - Slapshot by Ryan Graves.
11:28 of 1st period - Shot Blocked by Alex Tuch.
11:30 of 1st period - Slapshot by John Carlson.
11:30 of 1st period - Stopped by Stuart Skinner without a rebound.
11:31 of 1st period - Jake DeBrusk wins face-off versus Blake Wheeler in Canucks zone.
11:40 of 1st period - Slapshot by Barrett Hayton.
11:40 of 1st period - Shot Blocked by Blake Wheeler.
11:42 of 1st period - Snap shot by Jake DeBrusk.
11:42 of 1st period - Stopped by Stuart Skinner without a rebound.
11:43 of 1st period - Phillip Danault wins face-off versus Mika Zibanejad in Canucks zone.
11:50 of 1st period - Snap shot by Barrett Hayton.
11:50 of 1st period - Shot Blocked by Quinn Hughes.
11:58 of 1st period - Wrist shot by Jake DeBrusk.
11:58 of 1st period - Stopped by Stuart Skinner without a rebound.
11:59 of 1st period - Cody Glass wins face-off versus Andrei Kuzmenko in Canucks zone.
12:16 of 1st period - Jack Roslovic is hit by Eetu Luostarinen and loses puck.
12:26 of 1st period - Icing by Charlie McAvoy.
12:27 of 1st period - Mika Zibanejad wins face-off versus Barrett Hayton in Canucks zone.
12:37 of 1st period - Wrist shot by Alex Killorn.
12:37 of 1st period - Shot Misses the Net.
12:39 of 1st period - Slapshot by Quinn Hughes.
12:39 of 1st period - Shot Blocked by Erik Gudbranson.
12:41 of 1st period - Slapshot by Quinn Hughes.
12:41 of 1st period - Deflect By Jake DeBrusk.
12:41 of 1st period - Stopped by Joonas Korpisalo with a rebound.
12:43 of 1st period - Wrist shot by Mika Zibanejad.
12:43 of 1st period - Shot Blocked by Barrett Hayton.
12:49 of 1st period - Minor Penalty to Erik Gudbranson for Elbowing.
12:50 of 1st period - Nico Sturm wins face-off versus Mika Zibanejad in Oilers zone.
13:19 of 1st period - Icing by Quinn Hughes.
13:20 of 1st period - Eetu Luostarinen wins face-off versus Phillip Danault in Canucks zone.
13:29 of 1st period - Snap shot by Andrei Kuzmenko.
13:29 of 1st period - Stopped by Joonas Korpisalo with a rebound.
13:31 of 1st period - Slapshot by Eetu Luostarinen.
13:31 of 1st period - Shot Blocked by John Carlson.
13:33 of 1st period - Snap shot by Andrei Kuzmenko.
13:33 of 1st period - Stopped by Joonas Korpisalo with a rebound.
13:35 of 1st period - Slapshot by Eetu Luostarinen.
13:35 of 1st period - Stopped by Joonas Korpisalo with a rebound.
13:37 of 1st period - Wrist shot by Andrei Kuzmenko.
13:37 of 1st period - Shot Misses the Net.
13:39 of 1st period - Snap shot by Eetu Luostarinen.
13:39 of 1st period - Shot Blocked by Phillip Danault.
13:41 of 1st period - Wrist shot by Dominik Kubalik.
13:41 of 1st period - Deflect By Eetu Luostarinen.
13:41 of 1st period - Stopped by Joonas Korpisalo with a rebound.
13:43 of 1st period - Snap shot by Charlie McAvoy.
13:43 of 1st period - Shot Misses the Net.
14:05 of 1st period - Backhand shot by Dominik Kubalik.
14:05 of 1st period - Shot Misses the Net.
14:07 of 1st period - Slapshot by Luke Schenn.
14:07 of 1st period - Shot Blocked by Phillip Danault.
14:23 of 1st period - Backhand shot by Andrei Kuzmenko.
14:23 of 1st period - Shot Misses the Net.
14:25 of 1st period - Slapshot by Quinn Hughes.
14:25 of 1st period - Shot Misses the Net.
14:27 of 1st period - Slapshot by Andrei Kuzmenko.
14:27 of 1st period - Shot Misses the Net.
14:35 of 1st period - Wrist shot by Andrei Kuzmenko.
14:35 of 1st period - Shot Misses the Net.
14:37 of 1st period - Wrist shot by Eetu Luostarinen.
14:37 of 1st period - Shot Misses the Net.
14:39 of 1st period - Snap shot by Eetu Luostarinen.
14:39 of 1st period - Stopped by Joonas Korpisalo with a rebound.
14:41 of 1st period - Wrist shot by Dominik Kubalik.
14:41 of 1st period - Goal by Dominik Kubalik - Canucks : 1 - Oilers : 0.
14:42 of 1st period - Mika Zibanejad wins face-off versus Josh Bailey in neutral zone.
14:45 of 1st period - Slapshot by Quinn Hughes.
14:45 of 1st period - Shot Blocked by Erik Gudbranson.
14:47 of 1st period - Slapshot by Quinn Hughes.
14:47 of 1st period - Shot Blocked by Owen Power.
14:49 of 1st period - Backhand shot by Mika Zibanejad.
14:49 of 1st period - Shot Blocked by Owen Power.
14:51 of 1st period - Slapshot by Blake Wheeler.
14:51 of 1st period - Shot Blocked by Cody Glass.
14:53 of 1st period - Wrist shot by Mika Zibanejad.
14:53 of 1st period - Shot Misses the Net.
14:59 of 1st period - Snap shot by Alex Killorn.
14:59 of 1st period - Stopped by Joonas Korpisalo with a rebound.
15:15 of 1st period - Slapshot by Craig Smith.
15:15 of 1st period - Stopped by Stuart Skinner without a rebound.
15:16 of 1st period - Mika Zibanejad wins face-off versus Nico Sturm in Canucks zone.
16:02 of 1st period - Wrist shot by Jordan Martinook.
16:02 of 1st period - Stopped by Joonas Korpisalo without a rebound.
16:03 of 1st period - Jordan Martinook wins face-off versus Nathan MacKinnon in Oilers zone.
16:20 of 1st period - Snap shot by Nathan MacKinnon.
16:20 of 1st period - Shot Misses the Net.
16:29 of 1st period - Off-side.
16:30 of 1st period - Phillip Danault wins face-off versus Eetu Luostarinen in neutral zone.
17:01 of 1st period - Snap shot by Charlie McAvoy.
17:01 of 1st period - Stopped by Joonas Korpisalo with a rebound.
17:12 of 1st period - Minor Penalty to Ryan McLeod for Roughing.
17:13 of 1st period - Mika Zibanejad wins face-off versus Nathan MacKinnon in Canucks zone.
17:21 of 1st period - Michael Mcleod is hit by Owen Tippett.
17:26 of 1st period - Off-side.
17:27 of 1st period - Mika Zibanejad wins face-off versus Nathan MacKinnon in neutral zone.
18:45 of 1st period - Erik Johnson is hit by Ryan Graves and loses puck.
19:12 of 1st period - Penalty to Ryan McLeod is over, Ryan McLeod is back on ice.
19:28 of 1st period - Darnell Nurse is hit by Jack Roslovic and loses puck.
Goals for this period are 1 for Canucks vs 0 for Oilers.
Shots for this period are 13 for Canucks vs 8 for Oilers.

2nd period


0:01 of 2nd period - Phillip Danault wins face-off versus Andrei Kuzmenko in neutral zone.
1:41 of 2nd period - Minor Penalty to Erik Gudbranson for Interference.
1:42 of 2nd period - Nico Sturm wins face-off versus Mika Zibanejad in Oilers zone.
1:54 of 2nd period - Barrett Hayton is hit by Mika Zibanejad and loses puck.
2:17 of 2nd period - Slapshot by Quinn Hughes.
2:17 of 2nd period - Shot Blocked by Alec Martinez.
2:23 of 2nd period - John Carlson is hit by Luke Schenn and loses puck.
3:41 of 2nd period - Penalty to Erik Gudbranson is over, Erik Gudbranson is back on ice.
3:48 of 2nd period - Cody Glass is hit by Darren Helm and loses puck.
4:21 of 2nd period - Snap shot by Phillip Danault.
4:21 of 2nd period - Stopped by Stuart Skinner without a rebound.
4:22 of 2nd period - Eetu Luostarinen wins face-off versus Phillip Danault in Canucks zone.
4:39 of 2nd period - Snap shot by Cody Glass.
4:39 of 2nd period - Stopped by Stuart Skinner with a rebound.
4:45 of 2nd period - Jack Roslovic is hit by Ryan McLeod and loses puck.
5:05 of 2nd period - Slapshot by Nathan MacKinnon.
5:05 of 2nd period - Stopped by Stuart Skinner without a rebound.
5:06 of 2nd period - Mika Zibanejad wins face-off versus Phillip Danault in Canucks zone.
5:06 of 2nd period - Mika Zibanejad is hit by Phillip Danault.
5:16 of 2nd period - Off-side.
5:17 of 2nd period - Mika Zibanejad wins face-off versus Barrett Hayton in neutral zone.
5:20 of 2nd period - Slapshot by Quinn Hughes.
5:20 of 2nd period - Deflect By John Carlson.
5:20 of 2nd period - Stopped by Joonas Korpisalo without a rebound.
5:21 of 2nd period - Phillip Danault wins face-off versus Mika Zibanejad in Oilers zone.
6:12 of 2nd period - Snap shot by Barrett Hayton.
6:12 of 2nd period - Shot Blocked by Quinn Hughes.
6:14 of 2nd period - Wrist shot by Barrett Hayton.
6:14 of 2nd period - Shot Misses the Net.
6:16 of 2nd period - Backhand shot by Ryan Graves.
6:16 of 2nd period - Shot Blocked by Darnell Nurse.
6:18 of 2nd period - Slapshot by Jake DeBrusk.
6:18 of 2nd period - Shot Misses the Net.
6:20 of 2nd period - Slapshot by Phillip Danault.
6:20 of 2nd period - Stopped by Stuart Skinner with a rebound.
6:28 of 2nd period - Wrist shot by Phillip Danault.
6:28 of 2nd period - Shot Misses the Net.
6:40 of 2nd period - Snap shot by Jake DeBrusk.
6:40 of 2nd period - Shot Misses the Net.
6:42 of 2nd period - Snap shot by Jake DeBrusk.
6:42 of 2nd period - Goal by Jake DeBrusk - Canucks : 1 - Oilers : 1.
6:43 of 2nd period - Nathan MacKinnon wins face-off versus Eetu Luostarinen in neutral zone.
7:11 of 2nd period - Slapshot by Charlie McAvoy.
7:11 of 2nd period - Deflect By Dominik Kubalik.
7:11 of 2nd period - Shot Misses the Net.
7:11 of 2nd period - Puck is out of play.
7:12 of 2nd period - Jordan Martinook wins face-off versus Cody Glass in Oilers zone.
7:21 of 2nd period - Snap shot by Cody Glass.
7:21 of 2nd period - Shot Misses the Net.
7:23 of 2nd period - Snap shot by Jack Roslovic.
7:23 of 2nd period - Stopped by Stuart Skinner with a rebound.
7:25 of 2nd period - Slapshot by Erik Gudbranson.
7:25 of 2nd period - Stopped by Stuart Skinner without a rebound.
7:26 of 2nd period - Eetu Luostarinen wins face-off versus Nathan MacKinnon in Canucks zone.
7:39 of 2nd period - Snap shot by Andrei Kuzmenko.
7:39 of 2nd period - Stopped by Joonas Korpisalo with a rebound.
7:41 of 2nd period - Slapshot by Charlie McAvoy.
7:41 of 2nd period - Stopped by Joonas Korpisalo with a rebound.
8:00 of 2nd period - Slapshot by Tim Stutzle.
8:00 of 2nd period - Stopped by Stuart Skinner with a rebound.
8:14 of 2nd period - Tim Stutzle is hit by Michael Mcleod.
8:15 of 2nd period - Icing by Tim Stutzle.
8:16 of 2nd period - Nathan MacKinnon wins face-off versus Dominik Kubalik in Oilers zone.
8:41 of 2nd period - Slapshot by Tim Stutzle.
8:41 of 2nd period - Stopped by Stuart Skinner with a rebound.
8:43 of 2nd period - Wrist shot by Tim Stutzle.
8:43 of 2nd period - Stopped by Stuart Skinner without a rebound.
8:44 of 2nd period - Eetu Luostarinen wins face-off versus Phillip Danault in Canucks zone.
8:48 of 2nd period - Icing by Charlie McAvoy.
8:49 of 2nd period - Phillip Danault wins face-off versus Eetu Luostarinen in Canucks zone.
9:17 of 2nd period - Snap shot by Mika Zibanejad.
9:17 of 2nd period - Shot Misses the Net.
9:19 of 2nd period - Slapshot by Charlie McAvoy.
9:19 of 2nd period - Stopped by Joonas Korpisalo without a rebound.
9:20 of 2nd period - Cody Glass wins face-off versus Mika Zibanejad in Oilers zone.
9:56 of 2nd period - Slapshot by Blake Wheeler.
9:56 of 2nd period - Shot Misses the Net.
10:09 of 2nd period - Off-side.
10:10 of 2nd period - Phillip Danault wins face-off versus Eetu Luostarinen in neutral zone.
10:43 of 2nd period - Slapshot by Nathan MacKinnon.
10:43 of 2nd period - Shot Blocked by Dominik Kubalik.
11:05 of 2nd period - Slapshot by Charlie McAvoy.
11:05 of 2nd period - Shot Blocked by Owen Tippett.
11:07 of 2nd period - Slapshot by Erik Johnson.
11:07 of 2nd period - Shot Misses the Net.
11:51 of 2nd period - Backhand shot by Cody Glass.
11:51 of 2nd period - Stopped by Stuart Skinner without a rebound.
11:52 of 2nd period - Eetu Luostarinen wins face-off versus Jake DeBrusk in Canucks zone.
12:10 of 2nd period - Barrett Hayton is hit by Quinn Hughes and loses puck.
12:26 of 2nd period - Off-side.
12:27 of 2nd period - Owen Tippett wins face-off versus Jordan Martinook in neutral zone.
12:52 of 2nd period - Wrist shot by Tim Stutzle.
12:52 of 2nd period - Shot Misses the Net.
12:54 of 2nd period - Slapshot by Owen Power.
12:54 of 2nd period - Stopped by Stuart Skinner without a rebound.
12:55 of 2nd period - Jake DeBrusk wins face-off versus Eetu Luostarinen in Canucks zone.
13:01 of 2nd period - Icing by Darnell Nurse.
13:02 of 2nd period - Phillip Danault wins face-off versus Eetu Luostarinen in Canucks zone.
13:09 of 2nd period - Erik Gudbranson is hit by Andrei Kuzmenko and loses puck.
13:28 of 2nd period - Owen Power is hit by Darnell Nurse and loses puck.
13:39 of 2nd period - Off-side.
13:40 of 2nd period - Mika Zibanejad wins face-off versus Phillip Danault in neutral zone.
13:43 of 2nd period - Slapshot by Charlie McAvoy.
13:43 of 2nd period - Deflect By John Carlson.
13:43 of 2nd period - Stopped by Joonas Korpisalo with a rebound.
13:47 of 2nd period - Wrist shot by Mika Zibanejad.
13:47 of 2nd period - Stopped by Joonas Korpisalo without a rebound.
13:48 of 2nd period - Phillip Danault wins face-off versus Mika Zibanejad in Oilers zone.
13:55 of 2nd period - Slapshot by John Carlson.
13:55 of 2nd period - Shot Misses the Net.
14:41 of 2nd period - Backhand shot by Mika Zibanejad.
14:41 of 2nd period - Stopped by Joonas Korpisalo with a rebound.
14:59 of 2nd period - Slapshot by Mika Zibanejad.
14:59 of 2nd period - Shot Blocked by Jake DeBrusk.
15:01 of 2nd period - Wrist shot by Blake Wheeler.
15:01 of 2nd period - Deflect By Mika Zibanejad.
15:01 of 2nd period - Stopped by Joonas Korpisalo with a rebound.
15:05 of 2nd period - Wrist shot by Mika Zibanejad.
15:05 of 2nd period - Stopped by Joonas Korpisalo without a rebound.
15:06 of 2nd period - Eetu Luostarinen wins face-off versus Nathan MacKinnon in Oilers zone.
16:01 of 2nd period - Snap shot by Nico Sturm.
16:01 of 2nd period - Stopped by Stuart Skinner without a rebound.
16:02 of 2nd period - Nico Sturm wins face-off versus Ryan McLeod in Canucks zone.
16:09 of 2nd period - Alec Martinez is hit by Jimmy Vesey and loses puck.
16:24 of 2nd period - Wrist shot by Jimmy Vesey.
16:24 of 2nd period - Deflect By Nico Sturm.
16:24 of 2nd period - Stopped by Joonas Korpisalo without a rebound.
16:25 of 2nd period - Nathan MacKinnon wins face-off versus Eetu Luostarinen in Oilers zone.
16:37 of 2nd period - Off-side.
16:38 of 2nd period - Eetu Luostarinen wins face-off versus Nathan MacKinnon in neutral zone.
16:59 of 2nd period - Minor Penalty to Nathan MacKinnon for Roughing.
17:00 of 2nd period - Nico Sturm wins face-off versus Mika Zibanejad in Oilers zone.
17:06 of 2nd period - Icing by Blake Wheeler.
17:07 of 2nd period - Nico Sturm wins face-off versus Alex Killorn in Canucks zone.
17:10 of 2nd period - Slapshot by Nico Sturm.
17:10 of 2nd period - Stopped by Stuart Skinner with a rebound.
17:12 of 2nd period - Wrist shot by Nico Sturm.
17:12 of 2nd period - Stopped by Stuart Skinner with a rebound.
17:14 of 2nd period - Wrist shot by Ilya Lyubushkin.
17:14 of 2nd period - Stopped by Stuart Skinner without a rebound.
17:15 of 2nd period - Mika Zibanejad wins face-off versus Nico Sturm in Canucks zone.
18:10 of 2nd period - Slapshot by Phillip Danault.
18:10 of 2nd period - Stopped by Stuart Skinner without a rebound.
18:11 of 2nd period - Eetu Luostarinen wins face-off versus Nico Sturm in Canucks zone.
18:11 of 2nd period - Eetu Luostarinen is hit by Erik Gudbranson.
18:27 of 2nd period - Erik Gudbranson is hit by Quinn Hughes and loses puck.
18:59 of 2nd period - Penalty to Nathan MacKinnon is over, Nathan MacKinnon is back on ice.
19:03 of 2nd period - Tim Stutzle is hit by Erik Johnson and loses puck.
19:58 of 2nd period - Snap shot by Josh Bailey.
19:58 of 2nd period - Stopped by Stuart Skinner without a rebound.
19:59 of 2nd period - Cody Glass wins face-off versus Eetu Luostarinen in Canucks zone.
Goals for this period are 0 for Canucks vs 1 for Oilers.
Shots for this period are 10 for Canucks vs 18 for Oilers.

3rd period


0:01 of 3rd period - Nathan MacKinnon wins face-off versus Jordan Martinook in neutral zone.
0:40 of 3rd period - Snap shot by Cody Glass.
0:40 of 3rd period - Goal by Cody Glass - Canucks : 1 - Oilers : 2.
0:41 of 3rd period - Nathan MacKinnon wins face-off versus Eetu Luostarinen in neutral zone.
2:14 of 3rd period - Ryan McLeod is hit by Barrett Hayton and loses puck.
2:25 of 3rd period - Backhand shot by Phillip Danault.
2:25 of 3rd period - Deflect By Quinn Hughes.
2:25 of 3rd period - Shot Misses the Net.
2:25 of 3rd period - Puck is out of play.
2:26 of 3rd period - Jordan Martinook wins face-off versus Nathan MacKinnon in Canucks zone.
2:26 of 3rd period - Jordan Martinook is hit by Erik Gudbranson.
2:39 of 3rd period - Minor Penalty to Erik Gudbranson for Hooking.
2:40 of 3rd period - Mika Zibanejad wins face-off versus Nico Sturm in Oilers zone.
2:40 of 3rd period - Wrist shot by Alex Killorn.
2:40 of 3rd period - Shot Blocked by Nico Sturm.
2:42 of 3rd period - Slapshot by Mika Zibanejad.
2:42 of 3rd period - Shot Misses the Net.
2:44 of 3rd period - Wrist shot by Quinn Hughes.
2:44 of 3rd period - Goal by Quinn Hughes - Canucks : 2 - Oilers : 2.
2:45 of 3rd period - Mika Zibanejad wins face-off versus Nathan MacKinnon in neutral zone.
3:13 of 3rd period - Minor Penalty to Erik Gudbranson for Holding Stick.
3:14 of 3rd period - Mika Zibanejad wins face-off versus Nico Sturm in Oilers zone.
3:19 of 3rd period - Snap shot by Blake Wheeler.
3:19 of 3rd period - Goal by Blake Wheeler - Canucks : 3 - Oilers : 2.
3:20 of 3rd period - Jordan Martinook wins face-off versus Nathan MacKinnon in neutral zone.
3:25 of 3rd period - Wrist shot by Dominik Kubalik.
3:25 of 3rd period - Shot Misses the Net.
3:35 of 3rd period - Snap shot by Dominik Kubalik.
3:35 of 3rd period - Stopped by Joonas Korpisalo with a rebound.
4:10 of 3rd period - Charlie McAvoy is hit by Erik Gudbranson and loses puck.
4:19 of 3rd period - Wrist shot by Blake Wheeler.
4:19 of 3rd period - Stopped by Joonas Korpisalo without a rebound.
4:20 of 3rd period - Nathan MacKinnon wins face-off versus Jordan Martinook in Oilers zone.
4:36 of 3rd period - John Carlson is hit by Michael Mcleod and loses puck.
4:51 of 3rd period - Blake Wheeler is hit by Owen Tippett and loses puck.
4:56 of 3rd period - Snap shot by Nathan MacKinnon.
4:56 of 3rd period - Stopped by Stuart Skinner with a rebound.
5:08 of 3rd period - Slapshot by Nathan MacKinnon.
5:08 of 3rd period - Deflect By Quinn Hughes.
5:08 of 3rd period - Stopped by Stuart Skinner with a rebound.
5:10 of 3rd period - Wrist shot by Tim Stutzle.
5:10 of 3rd period - Stopped by Stuart Skinner with a rebound.
5:12 of 3rd period - Slapshot by Owen Tippett.
5:12 of 3rd period - Shot Misses the Net.
5:14 of 3rd period - Snap shot by Ryan Graves.
5:14 of 3rd period - Deflect By Tim Stutzle.
5:14 of 3rd period - Shot Misses the Net.
5:14 of 3rd period - Puck is out of play.
5:15 of 3rd period - Eetu Luostarinen wins face-off versus Cody Glass in Canucks zone.
5:41 of 3rd period - Wrist shot by Phillip Danault.
5:41 of 3rd period - Stopped by Stuart Skinner without a rebound.
5:42 of 3rd period - Phillip Danault wins face-off versus Jordan Martinook in Canucks zone.
5:47 of 3rd period - Wrist shot by Phillip Danault.
5:47 of 3rd period - Shot Misses the Net.
5:49 of 3rd period - Slapshot by Barrett Hayton.
5:49 of 3rd period - Deflect By Jake DeBrusk.
5:49 of 3rd period - Shot Misses the Net.
5:49 of 3rd period - Puck is out of play.
5:50 of 3rd period - Nathan MacKinnon wins face-off versus Eetu Luostarinen in Canucks zone.
6:17 of 3rd period - Snap shot by Luke Schenn.
6:17 of 3rd period - Stopped by Joonas Korpisalo with a rebound.
6:19 of 3rd period - Slapshot by Luke Schenn.
6:19 of 3rd period - Shot Misses the Net.
6:23 of 3rd period - Snap shot by Dominik Kubalik.
6:23 of 3rd period - Shot Misses the Net.
6:25 of 3rd period - Slapshot by Jake Walman.
6:25 of 3rd period - Stopped by Joonas Korpisalo without a rebound.
6:26 of 3rd period - Mika Zibanejad wins face-off versus Nathan MacKinnon in Oilers zone.
6:58 of 3rd period - Erik Johnson is hit by Cody Glass and loses puck.
7:11 of 3rd period - Snap shot by Josh Bailey.
7:11 of 3rd period - Stopped by Stuart Skinner without a rebound.
7:12 of 3rd period - Jordan Martinook wins face-off versus Phillip Danault in Canucks zone.
7:29 of 3rd period - Slapshot by Barrett Hayton.
7:29 of 3rd period - Stopped by Stuart Skinner with a rebound.
7:50 of 3rd period - Wrist shot by Dominik Kubalik.
7:50 of 3rd period - Stopped by Joonas Korpisalo with a rebound.
7:52 of 3rd period - Backhand shot by Darnell Nurse.
7:52 of 3rd period - Shot Blocked by John Carlson.
7:54 of 3rd period - Slapshot by Quinn Hughes.
7:54 of 3rd period - Deflect By Dominik Kubalik.
7:54 of 3rd period - Shot Blocked by John Carlson.
7:54 of 3rd period - Puck is out of play.
7:55 of 3rd period - Nathan MacKinnon wins face-off versus Mika Zibanejad in Oilers zone.
8:22 of 3rd period - Alex Tuch is hit by Erik Gudbranson and loses puck.
8:49 of 3rd period - Snap shot by Craig Smith.
8:49 of 3rd period - Shot Misses the Net.
9:03 of 3rd period - Snap shot by Tim Stutzle.
9:03 of 3rd period - Stopped by Stuart Skinner with a rebound.
9:37 of 3rd period - Icing by Josh Bailey.
9:38 of 3rd period - Cody Glass wins face-off versus Eetu Luostarinen in Oilers zone.
9:47 of 3rd period - Snap shot by Nathan MacKinnon.
9:47 of 3rd period - Shot Misses the Net.
9:53 of 3rd period - Alec Martinez is hit by Eetu Luostarinen.
10:03 of 3rd period - Snap shot by Cody Glass.
10:03 of 3rd period - Shot Misses the Net.
10:13 of 3rd period - Snap shot by Mika Zibanejad.
10:13 of 3rd period - Shot Misses the Net.
10:23 of 3rd period - Wrist shot by Charlie McAvoy.
10:23 of 3rd period - Shot Misses the Net.
10:33 of 3rd period - Slapshot by Dominik Kubalik.
10:33 of 3rd period - Deflect By Michael Mcleod.
10:33 of 3rd period - Shot Misses the Net.
10:33 of 3rd period - Puck is out of play.
10:34 of 3rd period - Nathan MacKinnon wins face-off versus Eetu Luostarinen in Oilers zone.
10:34 of 3rd period - Nathan MacKinnon is hit by Alex Tuch.
11:08 of 3rd period - Cody Glass is hit by Alex Killorn.
11:26 of 3rd period - Cody Glass is hit by Darren Helm and loses puck.
11:33 of 3rd period - Snap shot by Josh Bailey.
11:33 of 3rd period - Shot Misses the Net.
11:35 of 3rd period - Wrist shot by Cody Glass.
11:35 of 3rd period - Stopped by Stuart Skinner without a rebound.
11:36 of 3rd period - Nathan MacKinnon wins face-off versus Eetu Luostarinen in Canucks zone.
11:45 of 3rd period - Owen Tippett is hit by Eetu Luostarinen and loses puck.
12:22 of 3rd period - Snap shot by Alex Tuch.
12:22 of 3rd period - Stopped by Joonas Korpisalo without a rebound.
12:23 of 3rd period - Alex Killorn wins face-off versus Nathan MacKinnon in Oilers zone.
12:38 of 3rd period - Slapshot by Alex Killorn.
12:38 of 3rd period - Deflect By Blake Wheeler.
12:38 of 3rd period - Shot Misses the Net.
12:38 of 3rd period - Puck is out of play.
12:39 of 3rd period - Jordan Martinook wins face-off versus Phillip Danault in Oilers zone.
12:56 of 3rd period - Snap shot by Jake DeBrusk.
12:56 of 3rd period - Shot Misses the Net.
13:08 of 3rd period - John Carlson is hit by Charlie McAvoy and loses puck.
13:17 of 3rd period - Erik Johnson is hit by John Carlson and loses puck.
13:54 of 3rd period - Darnell Nurse is hit by Nico Sturm and loses puck.
13:59 of 3rd period - Snap shot by Craig Smith.
13:59 of 3rd period - Deflect By Nico Sturm.
13:59 of 3rd period - Deflect By Mika Zibanejad.
13:59 of 3rd period - Stopped by Stuart Skinner without a rebound.
14:00 of 3rd period - Nico Sturm wins face-off versus Jordan Martinook in Canucks zone.
14:14 of 3rd period - Off-side.
14:15 of 3rd period - Cody Glass wins face-off versus Eetu Luostarinen in neutral zone.
15:10 of 3rd period - Wrist shot by Phillip Danault.
15:10 of 3rd period - Stopped by Stuart Skinner without a rebound.
15:11 of 3rd period - Dominik Kubalik wins face-off versus Cody Glass in Canucks zone.
15:41 of 3rd period - Off-side.
15:42 of 3rd period - Nathan MacKinnon wins face-off versus Jordan Martinook in neutral zone.
15:49 of 3rd period - Slapshot by Nathan MacKinnon.
15:49 of 3rd period - Shot Hit the Post.
16:11 of 3rd period - Snap shot by Tim Stutzle.
16:11 of 3rd period - Stopped by Stuart Skinner with a rebound.
16:15 of 3rd period - Slapshot by Tim Stutzle.
16:15 of 3rd period - Goal by Tim Stutzle - Canucks : 3 - Oilers : 3.
16:16 of 3rd period - Cody Glass wins face-off versus Mika Zibanejad in neutral zone.
16:19 of 3rd period - Snap shot by Josh Bailey.
16:19 of 3rd period - Shot Misses the Net.
16:48 of 3rd period - Slapshot by Quinn Hughes.
16:48 of 3rd period - Stopped by Joonas Korpisalo without a rebound.
16:49 of 3rd period - Jordan Martinook wins face-off versus Nathan MacKinnon in Oilers zone.
16:56 of 3rd period - Slapshot by Quinn Hughes.
16:56 of 3rd period - Shot Blocked by John Carlson.
16:58 of 3rd period - Snap shot by Dominik Kubalik.
16:58 of 3rd period - Shot Misses the Net.
17:46 of 3rd period - Backhand shot by Ryan McLeod.
17:46 of 3rd period - Shot Misses the Net.
18:01 of 3rd period - Off-side.
18:02 of 3rd period - Nico Sturm wins face-off versus Jordan Martinook in neutral zone.
18:05 of 3rd period - Erik Johnson is hit by Nico Sturm and loses puck.
18:40 of 3rd period - Wrist shot by Mika Zibanejad.
18:40 of 3rd period - Stopped by Joonas Korpisalo without a rebound.
18:41 of 3rd period - Eetu Luostarinen wins face-off versus Nathan MacKinnon in Oilers zone.
18:46 of 3rd period - Snap shot by Andrei Kuzmenko.
18:46 of 3rd period - Shot Misses the Net.
19:06 of 3rd period - Michael Mcleod is hit by John Carlson.
19:14 of 3rd period - Snap shot by Jack Roslovic.
19:14 of 3rd period - Deflect By Cody Glass.
19:14 of 3rd period - Shot Blocked by Michael Mcleod.
19:14 of 3rd period - Puck is out of play.
19:15 of 3rd period - Mika Zibanejad wins face-off versus Cody Glass in Canucks zone.
19:15 of 3rd period - Mika Zibanejad is hit by Jack Roslovic.
19:23 of 3rd period - Snap shot by Mika Zibanejad.
19:23 of 3rd period - Stopped by Joonas Korpisalo without a rebound.
19:24 of 3rd period - Mika Zibanejad wins face-off versus Cody Glass in Oilers zone.
19:29 of 3rd period - Wrist shot by Mika Zibanejad.
19:29 of 3rd period - Deflect By Owen Power.
19:29 of 3rd period - Shot Misses the Net.
19:29 of 3rd period - Puck is out of play.
19:30 of 3rd period - Michael Mcleod wins face-off versus Josh Bailey in Oilers zone.
19:40 of 3rd period - Charlie McAvoy is hit by Owen Power and loses puck.
19:45 of 3rd period - Slapshot by Dominik Kubalik.
19:45 of 3rd period - Shot Misses the Net.
Goals for this period are 2 for Canucks vs 2 for Oilers.
Shots for this period are 11 for Canucks vs 13 for Oilers.

Overtime #1


0:01 of 1st overtime period - Mika Zibanejad wins face-off versus Nathan MacKinnon in neutral zone.
0:06 of 1st overtime period - Slapshot by Mika Zibanejad.
0:06 of 1st overtime period - Shot Misses the Net.
0:08 of 1st overtime period - Snap shot by Mika Zibanejad.
0:08 of 1st overtime period - Stopped by Joonas Korpisalo with a rebound.
1:02 of 1st overtime period - Backhand shot by Blake Wheeler.
1:02 of 1st overtime period - Shot Misses the Net.
1:04 of 1st overtime period - Snap shot by Eetu Luostarinen.
1:04 of 1st overtime period - Stopped by Joonas Korpisalo with a rebound.
1:06 of 1st overtime period - Slapshot by Blake Wheeler.
1:06 of 1st overtime period - Shot Misses the Net.
1:08 of 1st overtime period - Snap shot by Blake Wheeler.
1:08 of 1st overtime period - Shot Misses the Net.
1:10 of 1st overtime period - Wrist shot by Eetu Luostarinen.
1:10 of 1st overtime period - Shot Blocked by Ryan Graves.
1:12 of 1st overtime period - Slapshot by Quinn Hughes.
1:12 of 1st overtime period - Shot Misses the Net.
1:22 of 1st overtime period - Ryan Graves is hit by Alex Tuch and loses puck.
1:37 of 1st overtime period - Wrist shot by Tim Stutzle.
1:37 of 1st overtime period - Shot Blocked by Darnell Nurse.
1:57 of 1st overtime period - Slapshot by Phillip Danault.
1:57 of 1st overtime period - Shot Misses the Net.
3:18 of 1st overtime period - Snap shot by Cody Glass.
3:18 of 1st overtime period - Stopped by Stuart Skinner with a rebound.
3:20 of 1st overtime period - Slapshot by Owen Power.
3:20 of 1st overtime period - Stopped by Stuart Skinner with a rebound.
4:04 of 1st overtime period - Wrist shot by Blake Wheeler.
4:04 of 1st overtime period - Shot Blocked by Phillip Danault.
4:16 of 1st overtime period - Tim Stutzle is hit by Alex Tuch and loses puck.
Goals for this period are 0 for Canucks vs 0 for Oilers.
Shots for this period are 2 for Canucks vs 2 for Oilers.

ShootOut


5:00 of 1st overtime period - Round #1.
5:00 of 1st overtime period - Canucks, Mika Zibanejad.
5:00 of 1st overtime period - Deke by Mika Zibanejad.
5:00 of 1st overtime period - Goal by Mika Zibanejad.
5:00 of 1st overtime period - Oilers, Tim Stutzle.
5:00 of 1st overtime period - Snap shot by Tim Stutzle.
5:00 of 1st overtime period - Shot Misses the Net.
5:00 of 1st overtime period - Round #2.
5:00 of 1st overtime period - Canucks, Blake Wheeler.
5:00 of 1st overtime period - Wrist shot by Blake Wheeler.
5:00 of 1st overtime period - Shot Misses the Net.
5:00 of 1st overtime period - Oilers, Nathan MacKinnon.
5:00 of 1st overtime period - Wrist shot by Nathan MacKinnon.
5:00 of 1st overtime period - Goal by Nathan MacKinnon.
5:00 of 1st overtime period - Round #3.
5:00 of 1st overtime period - Canucks, Andrei Kuzmenko.
5:00 of 1st overtime period - Deke by Andrei Kuzmenko.
5:00 of 1st overtime period - Shot Misses the Net.
5:00 of 1st overtime period - Oilers, Jake DeBrusk.
5:00 of 1st overtime period - Snap shot by Jake DeBrusk.
5:00 of 1st overtime period - Goal by Jake DeBrusk.




Output by the SimonT Hockey Simulator (STHS) for Eric Tremblay - Original Page W3C HTML5 Valid
Hockey Simulator - Hockey Simulation - Hockey Manager